 Dungeon Crawl Stone Soup version 0.29-a0-384-g6960b1960d (webtiles) character file.

Game seed: 13900128204852292418

329 loir the Magician (level 6, -5/46 HPs)
             Began as a Djinni Fire Elementalist on May 6, 2022.
             Slain by a killer bee (8 damage)
             ... on level 5 of the Dungeon.
             The game lasted 00:17:31 (4478 turns).

loir the Magician (Djinni Fire Elementalist)        Turns: 4478, Time: 00:17:31

Health: -5/46      AC:  5    Str:  7    XL:     6   Next: 80%
Gold:   243        EV: 16    Int: 19    God:
                   SH:  0    Dex: 13

rFire   + + .      SeeInvis .   (no weapon)
rCold   x . .      Faith    .   (no shield)
rNeg    . . .      Spirit   .   a - +1 robe
rPois   ∞          Reflect  .   (no helmet)
rElec   .          Harm     .   g - +1 cloak
rCorr   .          Rampage  .   (no gloves)
Will    .....                   (boots unavailable)
Stlth   ++........              (no amulet)
HPRegen 0.15/turn               m - ring of wizardry
MPRegen 0.00/turn               q - +4 ring of evasion

@: about to teleport, flying
A: sickness immunity, fire resistance 2, cold vulnerability 1, float, innate
caster, HP casting, extra vitality 1
a: no special abilities


You were on level 5 of the Dungeon.
You visited 1 branch of the dungeon, and saw 5 of its levels.

You collected 243 gold pieces.

Inventory:

Hand Weapons
 d - a +1 mace of venom
 j - a +1 antimagic hand axe
 l - a +1 short sword of electrocution
 r - a +0 antimagic short sword
 s - a +2 antimagic whip
 v - a +1 flail of holy wrath
Missiles
 b - 154 stones
 h - 9 poisoned darts
Armour
 a - a +1 robe (worn)
 g - a +1 cloak (worn)
 p - an orb of guile
Jewellery
 m - a ring of wizardry (left hand)
 q - a +4 ring of evasion (right hand)
Scrolls
 c - a scroll of teleportation
 e - a scroll of enchant armour
 o - 4 scrolls of fog {unknown}
 t - a scroll of noise {unknown}
Potions
 f - 2 potions of lignification
 i - 5 potions of curing
 k - 2 potions of ambrosia {unknown}
 n - a potion of brilliance {unknown}
 u - a potion of berserk rage {unknown}


   Skills:
 + Level 3.4 Fighting
 - Level 2.1 Dodging
 - Level 1.5 Stealth
 * Level 4.6 Spellcasting


You couldn't memorise any spells.
You knew the following spells:

 Your Spells              Type           Power      Damage    Failure   Level
a - Foxfire               Conj/Fire      88%        2x1d8     1%          1
b - Scorch                Fire           44%        2d7       1%          2
c - Conjure Flame         Conj/Fire      22%        6-21      2%          3
d - Inner Flame           Hex/Fire       22%        N/A       2%          3
e - Flame Wave            Conj/Fire      22%        2d7       8%          4
f - Shock                 Conj/Air       88%        1d8       1%          1
g - Call Imp              Summ           22%        N/A       1%          2
Your spell library was empty.

Dungeon Overview and Level Annotations

Branches:
Dungeon (5/15)
 Temple: D:4-7

Altars:
Trog
Xom


Innate Abilities, Weirdness & Mutations

You are immune to sickness and miasma.
You are immune to poison.
Your flesh is very heat resistant. (rF++)
You are vulnerable to cold. (rC-)
You float through the air rather than walking.
You learn spells naturally, not from books.
Your magical power is your life essence.
You have superior vitality. (+4 MHP)


Message History

Casting: Foxfire (safe; 1% risk of failure)
Press: ? - help, Q - select action, (/) - cycle Dir - look around, f - activate You conjure some foxfire!
The killer bee misses you.
The foxfire hits the killer bee.
The killer bee is moderately wounded.
The killer bee stings you.
The killer bee stings you but does no damage.
The killer bee barely misses you.
The killer bee stings you but does no damage.
The killer bee barely misses you. The killer bee stings you!
The killer bee barely misses you.
Casting: Foxfire (safe; 1% risk of failure)
Confirm with . or Enter, or press ? or * to list all spells.
Flames lash the orc.
The orc is severely wounded.
The orc's fire resistance burns away.
* * * LOW HITPOINT WARNING * * *
The foxfire hits the orc.
The orc is burned terribly!
You kill the orc!
The killer bee stings you.
* * * LOW HITPOINT WARNING * * *
The killer bee misses you. The killer bee closely misses you.
The killer bee completely misses you. The killer bee closely misses you.
A gnoll comes into view. It is wielding a +0 halberd.
A gnoll shaman comes into view. It is wielding a +0 club.
The killer bee stings you but does no damage. x2
The killer bee stings you.
* * * LOW HITPOINT WARNING * * *
The killer bee misses you.
The killer bee stings you but does no damage.
As you read the scroll of teleportation, it crumbles to dust.
You feel strangely unstable.
The gnoll shouts!
The killer bee misses you.
The killer bee stings you but does no damage.
The killer bee closely misses you. The killer bee misses you.
The killer bee barely misses you. The killer bee completely misses you.
The killer bee closely misses you. The killer bee misses you.
The killer bee completely misses you. The killer bee stings you!
You die...

#### #...##.##... .
##..####.....#... ..
##...##.........g ...
#....##.........# ....
##.#.........../.#.....
#........##....g.......
#....<..###..).....#
#..)##.......yy....#
###......####@y....#
#.......###.yy...##
##.......#..........
#........#....###+##
##.#.....#....#
####.........#
###.......+ #.....####
#.....#


You could see 5 killer bees and 2 gnolls.

Vanquished Creatures
  A bullfrog (D:3)
  A necrophage (D:4)
  An orc priest (D:2)
  A hound (D:4)
  An orc wizard (D:2)
  3 gnolls (D:3)
  2 adders
  A worm (D:3)
  2 dart slugs
  5 orcs
  7 endoplasms
  4 giant cockroaches
  4 goblins
  6 hobgoblins
  5 kobolds
  A quokka (D:4)
  8 ball pythons
  6 bats
  A frilled lizard (D:2)
  7 rats
67 creatures vanquished.

Vanquished Creatures (collateral kills)
  A giant cockroach (D:1)
  A foxfire (D:2)
2 creatures vanquished.

Vanquished Creatures (others)
  214 foxfires
  6 plants (D:2)
220 creatures vanquished.

Grand Total: 289 creatures vanquished

Notes
Turn   | Place    | Note
-------+----------+-------------------------------------------
     0 | D:1      | loir the Djinni Fire Elementalist began the quest for the
                  | Orb.
     0 | D:1      | Reached XP level 1. HP: 15/15 MP: 0/0
   281 | D:1      | Reached XP level 2. HP: 20/22 MP: 0/0
   690 | D:1      | Reached skill level 1 in Fighting
   929 | D:1      | Reached XP level 3. HP: 25/27 MP: 0/0
   929 | D:1      | Learned a level 1 spell: Shock
  1133 | D:1      | Reached skill level 3 in Spellcasting
  1593 | D:2      | Found a shimmering altar of Xom.
  2113 | D:2      | Reached XP level 4. HP: 27/32 MP: 0/0
  2563 | D:2      | Reached XP level 5. HP: 28/38 MP: 0/0
  2563 | D:2      | Learned a level 2 spell: Call Imp
  3049 | D:3      | Found a faded altar of an unknown god.
  3317 | D:3      | Noticed a bullfrog
  3322 | D:3      | Killed a bullfrog
  3323 | D:3      | Reached skill level 4 in Spellcasting
  3323 | D:3      | Reached XP level 6. HP: 39/45 MP: 0/0
  3868 | D:4      | Found a bloodstained altar of Trog.
  4446 | D:5      | Entered Level 5 of the Dungeon
  4478 | D:5      | Slain by a killer bee

Illustrated notes

Levels and vault maps discovered:
D:1:      eino_arrival_water_cross, layout_basic
D:2:      layout_basic, serial_bayou, serial_bayou_pond_b, serial_bayou_pond_d,
          serial_bayou_crossing, serial_bayou_shore_a, serial_bayou_shore_b,
          serial_bayou_pond_d, basic_altar
D:3:      layout_basic, hellmonk_ecumenical_altar_blasted
D:4:      layout_rooms, trog_antimagical, minivault_19
D:5:      layout_cave_pools, minmay_temple_entry_hall

Skill      XL: |  1  2  3  4  5  6 |
---------------+-------------------+-----
Fighting       | 1 2 3 |  3.4
Spellcasting   | 3 4 |  4.6
Dodging        | |  2.1
Stealth        | |  1.5

Action                   |  1- 3 |  4- 6 || total
-------------------------+-------+-------++-------
 Cast: Foxfire           |    60 |    75 ||   135
       Scorch            |     4 |    13 ||    17
       Call Imp          |       |     2 ||     2
       Inner Flame       |       |     2 ||     2
  Use: Scroll            |     9 |     6 ||    15
       Potion            |       |     1 ||     1
Armor: Robe              |     2 |    10 ||    12
Dodge: Dodged            |    10 |    36 ||    46

Table legend: (Time is in decaauts)
 A = Elapsed time spent in this place.
 B = Non-inter-level travel time spent in this place.
 C = Inter-level travel time spent in this place.
 D = Time resting spent in this place.
 E = Time spent auto-exploring this place.
 F = Levels seen in this place.
 G = Mean time per level.
                   A        B        C        D        E       F      G
               +--------+--------+--------+--------+--------+-----+--------+
         Total |   4476 |   4346 |    130 |    490 |   3393 |   5 |  895.2 |
       Dungeon |   4476 |   4346 |    130 |    490 |   3393 |   5 |  895.2 |
               +--------+--------+--------+--------+--------+-----+--------+

Top non-repeatable levels by time:
     D:2: 1605 daAuts
     D:1: 1298 daAuts
     D:4: 784 daAuts
     D:3: 756 daAuts
     D:5: 31 daAuts
